 Dungeon Crawl Stone Soup version 0.30-a0-121-gb27577e5d9 (webtiles) character file.

Game seed: 10227391243300094102

73518 Newt the Cleaver (level 15, 0/115 HPs)
             Began as a Demonspawn Gladiator on Sept 14, 2022.
             Was the Champion of Wu Jian.
             Succumbed to an emperor scorpion's poison
             ... on level 1 of the Spider Nest.
             The game lasted 00:32:12 (21100 turns).

Newt the Cleaver (Demonspawn Gladiator)            Turns: 21100, Time: 00:32:13

Health: 0/115      AC: 31    Str: 27    XL:     15   Next: 4%
Magic:  24/24      EV: 12    Int:  9    God:    Wu Jian [******]
Gold:   1705       SH:  9    Dex: 19    Spells: 24/26 levels left

rFire   . . .      SeeInvis .    r - +3 executioner's axe (vamp)
rCold   + . .      Faith    .    (shield currently unavailable)
rNeg    + . .      Spirit   .    L - +8 scale mail "Poutoluo" {Rampage rN+ Str+6}
rPois   .          Reflect  +    Q - +2 helmet "Zisa Xyutu" {Will+ Dex+3}
rElec   .          Harm     .    (cloak unavailable)
rCorr   +          Rampage  +    v - +1 pair of gloves
Will    ++...                    h - +0 pair of boots
Stlth   +.........               J - amulet of reflection
HPRegen 0.29/turn                k - +4 ring of protection
MPRegen 0.19/turn                I - ring "Ojutep" {Fly rC+ rCorr Slay+3}

@: lethally poisoned (0 -> -83), marked, flying, studying Spellcasting
A: yellow scales 2, foul stench 1, condensation shield, corrupting presence 1,
weakness stinger 3, talons 1
a: Renounce Religion, Wall Jump, Serpent's Lash, Heavenly Storm


You were on level 1 of the Spider Nest.
You worshipped Wu Jian.
Wu Jian was exalted by your worship.
You visited 3 branches of the dungeon, and saw 19 of its levels.

You collected 1793 gold pieces.
You spent 88 gold pieces at shops.

Inventory:

Hand Weapons
 a - a +0 rapier
 f - a +2 hand axe of flaming
 o - a +4 vampiric battleaxe
 r - a +3 vampiric executioner's axe (weapon)
 t - the +9 dagger of Tosopuf {antimagic, rF- rN++}
   (You found it on level 5 of the Lair of Beasts)

   It reduces the magical energy of the wielder, and disrupts the spells and
   magical abilities of those it strikes.
   Natural abilities and divine invocations are not affected.
   rF:        It makes you vulnerable to fire.
   rN:        It greatly protects you from negative energy.
 O - a +4 hand axe of electrocution
Missiles
 e - a javelin
 j - 2 atropa-tipped darts
 y - 71 poisoned darts
 P - 2 throwing nets
Armour
 h - a +0 pair of boots (worn)
 v - a +1 pair of gloves (worn)
 x - a +0 leather armour of cold resistance
 L - the +8 scale mail "Poutoluo" (worn) {Rampage rN+ Str+6}
   (You found it on level 7 of the Dungeon)

   Str:       It affects your strength (+6).
   rN:        It protects you from negative energy.
   Rampage:   It bestows one free step when moving towards enemies.
 Q - the +2 helmet "Zisa Xyutu" (worn) {Will+ Dex+3}
   (You found it on level 10 of the Dungeon)

   Dex:       It affects your dexterity (+3).
   Will:      It increases your willpower.
Jewellery
 g - an amulet of faith
 k - a +4 ring of protection (left hand)
 G - a ring of resist corrosion
 I - the ring "Ojutep" (right hand) {Fly rC+ rCorr Slay+3}
   (You took it off a centaur on level 7 of the Dungeon)

   [ring of flight]

   Slay:      It affects your accuracy & damage with ranged weapons and melee
   (+3).
   rC:        It protects you from cold.
   Fly:       It grants you flight.
   rCorr:     It protects you from acid and corrosion.
 J - an amulet of reflection (around neck)
 M - an amulet of regeneration
 W - a +6 ring of strength
Wands
 b - a wand of quicksilver (3)
 d - a wand of polymorph (4)
 u - a wand of iceblast (45)
 F - a wand of flame (45)
 U - a wand of mindburst (8)
 V - a wand of charming (11)
Scrolls
 n - a scroll of magic mapping
 p - 3 scrolls of silence
 q - 6 scrolls of teleportation
 s - 8 scrolls of fear
 C - 4 scrolls of amnesia
 E - a scroll of blinking
 S - 2 scrolls of fog
 T - a scroll of brand weapon
 Z - 7 scrolls of identify
Potions
 c - a potion of resistance
 i - 3 potions of berserk rage
 l - 3 potions of cancellation
 m - 2 potions of haste
 w - 3 potions of heal wounds
 z - 3 potions of magic
 A - 5 potions of might
 B - 9 potions of curing
 D - a potion of flight
 H - 5 potions of brilliance
 N - a potion of mutation
 R - 4 potions of lignification
 X - a potion of ambrosia
Miscellaneous
 K - a piece from Xom's chessboard (15/15)


   Skills:
 - Level 10.0 Fighting
 - Level 2.6 Short Blades
 - Level 14.0 Axes
 - Level 1.7 Throwing
 - Level 10.0 Armour
 - Level 4.0 Dodging
 - Level 2.0 Stealth
 - Level 6.0 Spellcasting
 + Level 7.9 Transmutations
 - Level 14.0 Evocations


You had 24 spell levels left.
You knew the following spells:

 Your Spells              Type           Power      Damage    Failure   Level
a - Wereblood             Tmut           17%        N/A       2%          2

Your spell library contained the following spells:

 Spells                   Type           Power      Damage    Failure   Level
 Beastly Appendage        Tmut           34%        N/A       1%          1
 Spider Form              Tmut/Pois      9%         N/A       26%         3
 Shock                    Conj/Air       8%         1d3       38%         1
 Ignite Poison            Fire/Tmut/Pois 7%         N/A       41%         3
 Scorch                   Fire           4%         2d5       54%         2
 Sublimation of Blood     Necr           2%         N/A       54%         2
 Ice Form                 Ice/Tmut       9%         N/A       63%         4
 Frozen Ramparts          Ice            4%         1d1       77%         3
 Gell's Gravitas          Tloc           2%         N/A       77%         3
 Swiftness                Air            2%         N/A       77%         3
 Teleport Other           Tloc           2%         N/A       77%         3
 Tukima's Dance           Hex            2%         N/A       77%         3
 Alistair's Intoxication  Tmut/Pois      6%         N/A       93%         5
 Yara's Violent Unravell  Hex/Tmut       4%         3d4       93%         5
 Airstrike                Air            1%         2d(1-17)  99%         4
 Flame Wave               Conj/Fire      2%         2d4       99%         4
 Passage of Golubria      Tloc           2%         N/A       99%         4
 Sticky Flame             Conj/Fire      2%         2d3       99%         4
 Summon Ice Beast         Ice/Summ       2%         N/A       99%         4
 Borgnjor's Vile Clutch   Necr/Erth      1%         N/A       100%        5
 Summon Forest            Summ/Tloc      1%         N/A       100%        5
 Dispersal                Tloc           1%         N/A       100%        6
 Eringya's Noxious Bog    Tmut/Pois      4%         N/A       100%        6
 Summon Cactus Giant      Summ           1%         N/A       100%        6
 Summon Hydra             Summ           1%         N/A       100%        7


Dungeon Overview and Level Annotations

Branches:
Dungeon (13/15)            Temple (0/1) D:6            Lair (5/5) D:10
 Shoals (0/4) Lair:2       Spider (1/4) Lair:3        Slime (0/5) Lair:4
    Orc (0/2) D:12
 Vaults: D:13-14

Altars:
Ashenzari
Cheibriados
Dithmenos
Fedhas
Hepliaklqana
Makhleb
Nemelex Xobeh
Okawaru
Qazlal
Uskayaw
Vehumet
Wu Jian
Xom
Yredelemnul
Jiyva

Shops:
D:2 *   D:3 :   D:5 *


Innate Abilities, Weirdness & Mutations

You are mostly covered in yellow scales. (AC +3)
You may rarely emit foul miasma when damaged in melee.
A meltable shield of frost defends you. (SH +4)
Your presence sometimes corrodes those you injure.
You have a sharp stinger which inflicts weakening toxins.
You have sharp toenails.


Message History

You block the meliai's attack.
The meliai stings you but does no damage.
You block the emperor scorpion's attack. x2
The emperor scorpion claws you but does no damage.
You slice the meliai!!
You feel better.
You kill the meliai!
The Council accepts your kill.
You hear a splash. x3
You slash the emperor scorpion! The emperor scorpion barely misses you.
You block the emperor scorpion's attack. x2
The moth of wrath goads the emperor scorpion on!
The emperor scorpion goes berserk!
You hit the emperor scorpion but do no damage.
You tail-slap the emperor scorpion!
The emperor scorpion looks weaker.
The emperor scorpion is almost dead.
You block the emperor scorpion's attack.
The emperor scorpion claws you but does no damage.
The emperor scorpion barely misses you.
You block the emperor scorpion's attack. x2
The emperor scorpion claws you but does no damage.
The emperor scorpion stings you but does no damage.
The emperor scorpion claws you but does no damage. x2
You hit the emperor scorpion.
You feel better.
The emperor scorpion is almost dead.
The emperor scorpion stings you!
* * * LOW HITPOINT WARNING * * *
You are poisoned.
The emperor scorpion poisons you! The emperor scorpion claws you.
* * * LOW HITPOINT WARNING * * *
The emperor scorpion closely misses you.
The emperor scorpion stings you!
* * * LOW HITPOINT WARNING * * *
You are more poisoned.
The emperor scorpion poisons you!
The emperor scorpion claws you but does no damage.
The emperor scorpion closely misses you.
You slash the emperor scorpion!
Your tail-slap misses the emperor scorpion.
The emperor scorpion is almost dead.
You die...

###.##.#### ###
#.##.##.###.##
##.##......#..#
##..##...^.#.#.#
#...##########.#
...## # #.###
#..# #.#.#.≈.#
#..# #......≈.#
#..# .#.....≈@#
...# #.#.###s#
...# # ## #y#
...# #.# ...#
≈.# ...# ≈.#
..## ≈.# ..#
.### ...


You could see an emperor scorpion (berserk, weak) and a moth of wrath.

Vanquished Creatures
  Rupert (Lair:5)
  A dire elephant (Lair:5)
  3 entropy weavers (Spider:1)
  Harold (Lair:1)
  5 hydras
  A catoblepas (Lair:5)
  5 two-headed ogres
  2 boulder beetles
  13 death yaks (Lair:5)
  A sun moth (Spider:1)
  4 orb spiders (Spider:1)
  2 steelbarb worms (Spider:1)
  A lindwurm (Lair:5)
  Pikel (D:7)
  3 ugly things
  3 manticores
  4 wolf spiders
  An oklob plant (Lair:4)
  2 deep elf pyromancers
  A cyclops (D:9)
  6 black mambas
  8 elephants
  12 cane toads
  3 torpor snails
  A gargoyle (D:11)
  2 demonic crawlers (Spider:1)
  An unseen horror (D:12)
  2 rime drakes
  A kobold demonologist (D:12)
  11 komodo dragons
  A troll (D:12)
  5 meliai
  A wind drake (Lair:2)
  Grinder (D:4)
  3 hornets
  8 tarantellas
  11 blink frogs
  3 culicivoras (Spider:1)
  15 slime creatures
  8 dream sheep
  Prince Ribbit (D:7)
  6 jumping spiders (Spider:1)
  A spriggan (D:9)
  5 wyverns
  33 yaks
  A shadow (D:11)
  2 wraiths
  3 steam dragons
  11 vampire mosquitoes
  A basilisk (Lair:5)
  13 redbacks
  Grum (D:8)
  2 acid dragons
  18 water moccasins
  3 orc warriors
  An ice beast (D:5)
  3 black bears
  3 sky beasts
  10 centaurs
  4 lemures (D:7)
  17 wolves
  A phantom (D:4)
  6 kobold brigands
  16 bullfrogs
  5 scorpions
  11 killer bees
  8 howler monkeys
  5 electric eels
  4 hounds
  3 gnoll boudas
  5 orc priests
  11 orc wizards
  Jessica (D:2)
  3 iguanas
  Natasha (D:2)
  Robin (D:2)
  8 gnolls
  8 adders
  2 white imps
  An ufetubus (D:6)
  2 worms
  4 dart slugs
  46 orcs
  6 endoplasms
  A giant cockroach (D:1)
  8 goblins
  8 hobgoblins
  4 jackals
  2 quokkas (D:4)
  7 ball pythons
  3 bats
  4 frilled lizards
  24 kobolds
  5 rats
521 creatures vanquished.

Vanquished Creatures (others)
  37 fungi
  75 plants
  4 toadstools (D:1)
116 creatures vanquished.

Grand Total: 637 creatures vanquished

Notes
Turn   | Place    | Note
-------+----------+-------------------------------------------
     0 | D:1      | Newt the Demonspawn Gladiator began the quest for the Orb.
     0 | D:1      | Reached XP level 1. HP: 16/16 MP: 1/1
   262 | D:1      | Reached skill level 1 in Stealth
   471 | D:1      | Found a faded altar of an unknown god.
   515 | D:1      | Gained mutation: You are partially covered in yellow
                  | scales. (AC +2) [demonic ancestry]
   515 | D:1      | Reached XP level 2. HP: 22/22 MP: 2/2
  1054 | D:2      | Reached skill level 1 in Axes
  1185 | D:2      | Reached XP level 3. HP: 27/27 MP: 3/3
  1295 | D:2      | Found Methrear's Assorted Antiques.
  1298 | D:2      | Bought a scroll of identify for 44 gold pieces
  1298 | D:2      | Bought a scroll labelled QENGOT XUELIQ for 22 gold pieces
  1298 | D:2      | Bought a scroll labelled SUCHERO BYPPOJERU for 22 gold
                  | pieces
  1496 | D:2      | Noticed Robin
  1505 | D:2      | Killed Robin
  1511 | D:2      | Gained mutation: You have a small tail. [demonic ancestry]
  1511 | D:2      | Reached XP level 4. HP: 28/33 MP: 4/4
  1623 | D:2      | Noticed Natasha
  1628 | D:2      | Killed Natasha
  1854 | D:2      | Noticed Jessica
  1860 | D:2      | Killed Jessica
  2174 | D:3      | Gained mutation: You may rarely emit foul miasma when
                  | damaged in melee. [demonic ancestry]
  2174 | D:3      | Reached XP level 5. HP: 35/38 MP: 5/5
  2368 | D:3      | Found Bapsy's Vocational Training.
  2637 | D:3      | Gained mutation: You occasionally lose the ability to drink
                  | potions when taking damage. [potion of mutation]
  2637 | D:3      | Gained mutation: You have sharp toenails. [potion of
                  | mutation]
  2637 | D:3      | Lost mutation: You occasionally lose the ability to drink
                  | potions when taking damage. [potion of mutation]
  3082 | D:4      | Noticed Grinder
  3095 | D:4      | Paralysed by Grinder for 4 turns
  3105 | D:4      | HP: 1/40 [Grinder (6)]
  3106 | D:4      | Found an ornate altar of the Wu Jian Council.
  3404 | D:4      | Paralysed by Grinder for 2 turns
  3410 | D:4      | Paralysed by Grinder for 2 turns
  3415 | D:4      | Killed Grinder
  3416 | D:4      | Reached XP level 6. HP: 40/48 MP: 6/6
  3487 | D:4      | Became a worshipper of the Wu Jian Council
  3667 | D:4      | You fall into a shaft and drop 2 floors!
  3716 | D:5      | Entered Level 5 of the Dungeon
  3727 | D:5      | Identified the +1 robe of Poadem {MP+9 Stlth+}
  3751 | D:5      | Reached skill level 1 in Armour
  3774 | D:5      | Noticed an ice beast
  3783 | D:5      | Gained mutation: You are mostly covered in yellow scales.
                  | (AC +3) [demonic ancestry]
  3783 | D:5      | Reached XP level 7. HP: 54/54 MP: 7/7
  3996 | D:5      | Found a radiant altar of Vehumet.
  4010 | D:5      | Found a blossoming altar of Fedhas.
  4020 | D:5      | Found a basalt altar of Yredelemnul.
  4023 | D:5      | Found a hide-covered altar of Uskayaw.
  4269 | D:5      | Found Puvilep's General Store.
  4612 | D:4      | Reached skill level 5 in Axes
  4672 | D:4      | Reached * piety under Wu Jian
  4720 | D:4      | Found a faded altar of an unknown god.
  4720 | D:4      | Found a sparkling altar of Nemelex Xobeh.
  4728 | D:4      | Found a shadowy altar of Dithmenos.
  4730 | D:4      | Found a faded altar of an unknown god.
  4732 | D:4      | Found a broken altar of Ashenzari.
  4807 | D:4      | Gained mutation: A meltable shield of frost defends you.
                  | (SH +4) [demonic ancestry]
  4807 | D:4      | Reached XP level 8. HP: 56/60 MP: 8/8
  5711 | D:6      | Reached skill level 1 in Evocations
  5993 | D:6      | Found a burning altar of Makhleb.
  6023 | D:6      | Found a hazy altar of Hepliaklqana.
  6117 | D:6      | Found a staircase to the Ecumenical Temple.
  6403 | D:7      | Reached skill level 5 in Evocations
  6845 | D:7      | Found a stormy altar of Qazlal.
  6968 | D:7      | Noticed Pikel
  7139 | D:7      | Killed Pikel
  7140 | D:7      | Reached XP level 9. HP: 52/65 MP: 9/9
  7295 | D:7      | Paralysed by a hornet for 3 turns
  7500 | D:7      | Reached skill level 5 in Fighting
  7595 | D:7      | Noticed Prince Ribbit
  7618 | D:7      | Killed Prince Ribbit
  7695 | D:7      | Noticed a skeletal warrior
  7696 | D:7      | Noticed a komodo dragon
  7704 | D:7      | Reached ** piety under Wu Jian
  7705 | D:7      | Reached skill level 5 in Armour
  8311 | D:7      | Noticed a purple ugly thing
  8323 | D:7      | Killed a purple ugly thing
  8363 | D:7      | Found an iron altar of Okawaru.
  8388 | D:7      | Noticed a boulder beetle
  8412 | D:7      | Killed a boulder beetle
  8413 | D:7      | Reached XP level 10. HP: 35/76 MP: 10/10
  8612 | D:7      | Identified the ring "Ojutep" {Fly rC+ rCorr Slay+3}
  8720 | D:7      | Identified the +8 scale mail "Poutoluo" {Rampage rN+ Str+6}
  9483 | D:8      | Noticed a two-headed ogre
  9495 | D:8      | Killed a two-headed ogre
  9496 | D:8      | Reached skill level 10 in Axes
  9745 | D:8      | Noticed Grum
  9760 | D:8      | Killed Grum
 10223 | D:9      | Paralysed by a hornet for 3 turns
 10305 | D:9      | Noticed a two-headed ogre
 10312 | D:9      | Killed a two-headed ogre
 10312 | D:9      | Reached *** piety under Wu Jian
 10313 | D:9      | Gained mutation: You have a tail ending in a sharp stinger.
                  | [demonic ancestry]
 10313 | D:9      | Reached XP level 11. HP: 46/81 MP: 11/11
 10614 | D:9      | Noticed a two-headed ogre
 10618 | D:9      | Identified the +0 ring mail of Shielding {rC+}
 10659 | D:9      | Found a snail-covered altar of Cheibriados.
 11166 | D:10     | Entered Level 10 of the Dungeon
 11240 | D:10     | Found a staircase to the Lair.
 11244 | D:10     | Noticed a two-headed ogre
 11258 | D:10     | Killed a two-headed ogre
 11279 | D:10     | Identified the +2 helmet "Zisa Xyutu" {Will+ Dex+3}
 11383 | D:10     | Noticed a two-headed ogre
 11389 | D:10     | Killed a two-headed ogre
 11564 | D:10     | Found a shimmering altar of Xom.
 11566 | D:10     | Found a shimmering altar of Xom.
 11876 | D:11     | Noticed a deep elf pyromancer
 11888 | D:11     | Killed a deep elf pyromancer
 12371 | D:11     | Noticed a two-headed ogre
 12379 | D:11     | Killed a two-headed ogre
 12381 | D:11     | Reached **** piety under Wu Jian
 12421 | D:11     | Reached XP level 12. HP: 85/92 MP: 12/12
 13193 | D:12     | Reached ***** piety under Wu Jian
 13479 | D:12     | Noticed a boulder beetle
 13495 | D:12     | Killed a boulder beetle
 14164 | D:12     | Found a staircase to the Orcish Mines.
 14654 | Lair:1   | Entered Level 1 of the Lair of Beasts
 14697 | Lair:1   | Noticed Harold
 14713 | Lair:1   | Killed Harold
 15001 | Lair:1   | Reached skill level 10 in Fighting
 15286 | Lair:1   | Gained mutation: You have a sharp stinger which inflicts
                  | weakening toxins. [demonic ancestry]
 15286 | Lair:1   | Reached XP level 13. HP: 103/103 MP: 13/13
 15384 | Lair:1   | Identified the +0 cloak "Bywn" {rPois Str+8 Slay-4 Stlth+}
 15603 | Lair:2   | Reached skill level 10 in Evocations
 15991 | Lair:2   | Found a staircase to the Shoals.
 16717 | Lair:3   | Found a hole to the Spider Nest.
 17473 | Lair:4   | Reached ****** piety under Wu Jian
 17802 | Lair:4   | Found a stormy altar of Qazlal.
 18057 | Lair:4   | Found a staircase to the Slime Pits.
 18059 | Lair:4   | Found a viscous altar of Jiyva.
 18238 | Lair:5   | Entered Level 5 of the Lair of Beasts
 18288 | Lair:5   | Reached XP level 14. HP: 57/110 MP: 14/14
 18823 | Lair:5   | Noticed Rupert
 18834 | Lair:5   | Killed Rupert
 19092 | Lair:5   | Reached skill level 10 in Armour
 19092 | Lair:5   | Reached skill level 1 in Spellcasting
 19105 | Lair:5   | Reached skill level 5 in Spellcasting
 19184 | Lair:5   | Learned a level 2 spell: Wereblood
 19197 | Lair:5   | Reached skill level 1 in Transmutations
 19199 | Lair:5   | HP: 1/110 [death yak (19)]
 19505 | Lair:5   | Identified the +9 dagger of Tosopuf {antimagic, rF- rN++}
 19732 | Spider:1 | Entered Level 1 of the Spider Nest
 19860 | Spider:1 | Reached skill level 5 in Transmutations
 20268 | Spider:1 | Identified a scroll of acquirement
 20269 | Spider:1 | Acquired a +3 vampiric executioner's axe
 21043 | Spider:1 | Gained mutation: Your presence sometimes corrodes those you
                  | injure. [demonic ancestry]
 21043 | Spider:1 | Reached XP level 15. HP: 87/115 MP: 24/24
 21082 | Spider:1 | Noticed an emperor scorpion
 21100 | Spider:1 | Succumbed to an emperor scorpion's poison

Illustrated notes

Levels and vault maps discovered:
D:1:      ldierk_walled_garden_2, layout_loops_corners, basic_ecumenical_altar
D:2:      layout_loops_corners, serial_shops, nicolae_shop_behind_doors,
          uniq_jessica, uniq_natasha, uniq_crazy_yiuf_cottage, uniq_robin
D:3:      layout_basic, tso_metal_star, nicolae_shop_vocational
D:4:      layout_loops_ring, overflow_temple_1_default,
          chequers_temple_overflow_minitemple, uniq_grinder
D:5:      layout_layer_cave, grunt_temple_overflow_cloverleaf, serial_shops,
          nicolae_stop_n_shop_1
D:6:      layout_rooms, kennysheep_little_box,
          mainiacjoe_overflow_surrounded_room, temple_doors_e
D:7:      minmay_the_grid_triangle_9x9_rhombus_thin
          [minmay_the_grid_triangle_9x9_stretched_checkered,
          minmay_the_grid_triangle_9x9_prize_schism,
          minmay_the_grid_triangle_9x9_minimal,
          minmay_the_grid_triangle_9x9_flanged_cone], layout_cave_pods,
          lemuel_coloured_pillars_altar, okawaru_trees_2, uniq_pikel,
          uniq_prince_ribbit1
D:8:      layout_basic, st_stairs_8, minmay_misc_feat_nine_boxes, uniq_grum
D:9:      layout_long_grid, cheibriados_altar_2, the_hattery
D:10:     layout_roguey, xom_redecorated, due_lair_maze_entry_diamond
D:11:     layout_cave_pods
D:12:     layout_long_grid, hiddenorc1_lemuel
D:13:     layout_big_octagon, gammafunk_ghost_arena, serial_column_ruins,
          column_ruins_open_medium, column_ruins_open_small,
          column_ruins_grid_4, column_ruins_corridor_dead_end,
          column_ruins_open_tiny
Lair:1:   layout_roguey, infiniplex_staircase_pool, lemuel_fruit_tree,
          uniq_harold
Lair:2:   layout_cave_pods, minmay_shoals_entry_beasts, beast_lair_carwin_2
Lair:3:   layout_roguey, hellmonk_spider_entry_not_the_bees,
          serial_bayou_ford_a, serial_bayou_shore_a, lemuel_fruit_fields
Lair:4:   layout_gridlike, slime_entry_1, serial_bayou, serial_bayou_lagoon_b,
          serial_bayou_pond_b, serial_bayou_pond_d, serial_bayou_pond_a,
          serial_bayou_lagoon_a, chequers_serial_rivers_micro_a,
          lemuel_oklob_altar
Lair:5:   hangedman_lair_in_review, layout_misc_corridors, uniq_rupert
Spider:1: layout_chambers, nicolae_spider_orb_run

Skill      XL: |  1  2  3  4  5  6  7  8  9 10 11 12 13 14 |
---------------+-------------------------------------------+-----
Stealth        | 1 2 |  2.0
Axes           | 1 2 3 4 5 7 8 10 12 14 | 14.0
Fighting       | 4 6 8 10 | 10.0
Dodging        | 3 4 |  4.0
Armour         | 1 4 5 7 8 10 | 10.0
Evocations     | 5 7 8 14 | 14.0
Spellcasting   | 6 |  6.0
Transmutations | 7 |  7.9
Short Blades   | |  2.6
Throwing       | |  1.7

Action                   |  1- 3 |  4- 6 |  7- 9 | 10-12 | 13-15 || total
-------------------------+-------+-------+-------+-------+-------++-------
Melee: Hand axe          |    82 |   113 |   383 |   597 |   509 ||  1684
       Tailslap          |       |    11 |    62 |   132 |   156 ||   361
       Punch             |       |     2 |     6 |     9 |    11 ||    28
       Battleaxe         |       |       |       |       |   117 ||   117
       Executioner's axe |       |       |       |       |   119 ||   119
Throw: Throwing net      |       |     3 |     2 |     1 |     3 ||     9
       Javelin           |       |       |     1 |       |       ||     1
       Dart              |       |       |     7 |       |       ||     7
 Cast: Wereblood         |       |       |       |       |     5 ||     5
Invok: Lunge             |       |     3 |     9 |       |       ||    12
       Whirlwind         |       |       |     3 |     6 |     1 ||    10
Evoke: Wand              |       |       |     1 |       |     4 ||     5
  Use: Scroll            |     6 |     7 |     7 |     8 |     5 ||    33
       Potion            |     1 |     4 |     3 |     2 |     4 ||    14
 Stab: Sleeping          |     6 |     7 |     3 |       |       ||    16
       Distracted        |       |     1 |       |       |       ||     1
       Held in net/web   |       |       |       |     2 |     1 ||     3
Armor: Leather armour    |    32 |    37 |   159 |     8 |       ||   236
       Scale mail        |       |       |       |   265 |   871 ||  1136
Dodge: Dodged            |    52 |    70 |   199 |   261 |   557 ||  1139
Block: Other             |       |       |    48 |   103 |   187 ||   338
       Reflection        |       |       |       |     1 |       ||     1

Table legend: (Time is in decaauts)
 A = Elapsed time spent in this place.
 B = Non-inter-level travel time spent in this place.
 C = Inter-level travel time spent in this place.
 D = Time resting spent in this place.
 E = Time spent auto-exploring this place.
 F = Levels seen in this place.
 G = Mean time per level.
                   A        B        C        D        E       F      G
               +--------+--------+--------+--------+--------+-----+--------+
         Total |  20773 |  19983 |    790 |   4096 |  12757 |  19 | 1093.3 |
       Dungeon |  14550 |  14005 |    545 |   3057 |   8858 |  13 | 1119.2 |
          Lair |   4925 |   4681 |    244 |    646 |   3280 |   5 |  985.0 |
   Spider Nest |   1297 |   1297 |      0 |    393 |    619 |   1 | 1297.0 |
               +--------+--------+--------+--------+--------+-----+--------+

Top non-repeatable levels by time:
     D:7: 2586 daAuts
    D:12: 1565 daAuts
  Lair:5: 1410 daAuts
     D:3: 1334 daAuts
Spider:1: 1297 daAuts
     D:8: 1213 daAuts
     D:5: 1196 daAuts
  Lair:2: 1057 daAuts
     D:9: 1050 daAuts
     D:2: 1036 daAuts
     D:4: 1025 daAuts
     D:1: 1016 daAuts
  Lair:3: 913 daAuts
    D:11: 884 daAuts
  Lair:4: 780 daAuts
